 Dungeon Crawl Stone Soup version 0.28-a0-1143-gcf6077d4cc (webtiles) character file.

Game seed: 7539559756346624261

57 spaghetti the Caller (level 3, -6/24 HPs)
             Began as a Mummy Summoner on Dec 14, 2021.
             Mangled by a hobgoblin (7 damage)
             ... led by Robin
             ... on level 2 of the Dungeon.
             The game lasted 00:03:35 (2471 turns).

spaghetti the Caller (Mummy Summoner)               Turns: 2471, Time: 00:03:35

Health: -6/24      AC:  2    Str: 11    XL:     3   Next: 73%
Magic:  5/7        EV: 12    Int: 16    God:
Gold:   27         SH:  0    Dex: 18    Spells: 6/7 levels left

rFire   x . .      SeeInvis .   k - +2 dagger (speed) {short}
rCold   + . .      Faith    .   (no shield)
rNeg    + + +      Spirit   .   a - +0 robe
rPois   ∞          Reflect  .   (no helmet)
rElec   .          Harm     .   (no cloak)
rCorr   .          Rampage  .   (no gloves)
Will    .....                   (no boots)
Stlth   ++........              j - amulet of the acrobat
HPRegen 0.08/turn               i - +6 ring of dexterity
MPRegen 0.10/turn               (no ring)

@: no status effects
A: cold resistance 1, negative energy resistance 3, torment resistance 2, heat
vulnerability 1, no potions
a: no special abilities


You were on level 2 of the Dungeon.
You visited 1 branch of the dungeon, and saw 2 of its levels.

You collected 27 gold pieces.


Innate Abilities, Weirdness & Mutations

You are immune to poison.
Your flesh is cold resistant. (rC+)
You are immune to negative energy. (rN+++)
You are immune to unholy pain and torment.
You are vulnerable to heat. (rF-)
You do not drink.


   Skills:
 + Level 2.1 Dodging
 - Level 1.5 Stealth
 - Level 2.6 Spellcasting
 + Level 4.2 Summonings


You had 6 spell levels left.
You knew the following spells:

 Your Spells              Type           Power      Damage    Failure   Level
a - Summon Small Mammal   Summ           60%        N/A       3%          1

Your spell library contained the following spells:

 Spells                   Type           Power      Damage    Failure   Level
 Call Imp                 Summ           15%        N/A       4%          2
 Call Canine Familiar     Summ           15%        N/A       10%         3
 Summon Guardian Golem    Hex/Summ       8%         N/A       24%         3
 Blink                    Tloc           4%         N/A       28%         2
 Lesser Beckoning         Tloc           2%         N/A       50%         3
 Summon Lightning Spire   Summ/Air       8%         N/A       63%         4
 Manifold Assault         Tloc           2%         N/A       99%         5
 Orb of Destruction       Conj           1%         N/A       100%        7
 Spellforged Servitor     Conj/Summ      4%         N/A       100%        7

Inventory:

Hand Weapons
 c - a +0 club {mace}
   (You took it off a goblin on level 1 of the Dungeon)
 d - a +0 dagger {short}
   (You took it off a kobold on level 1 of the Dungeon)
 f - a +0 club {mace}
   (You took it off a goblin on level 1 of the Dungeon)
 k - a +2 dagger of speed (weapon) {short}
   (You took it off a goblin on level 2 of the Dungeon)
Missiles
 e - 72 stones {throwing}
 g - 39 bolts
 h - 14 arrows
Armour
 a - a +0 robe (worn)
Jewellery
 b - an amulet of magic regeneration {@e2}
   (You found it on level 1 of the Dungeon)
 i - a +6 ring of dexterity (left hand)
   (You found it on level 1 of the Dungeon)
 j - an amulet of the acrobat (around neck)
   (You found it on level 1 of the Dungeon)

Dungeon Overview and Level Annotations

Branches:
Dungeon (2/15)

Altars:

>.... ##.
####.#... ......
.. #.#...
....gg### .#
#....#
......).#####.#
#..#..
......#.g.##.†#
#..##. .....
###)...#### #..##.
....
##......#####.....
...
##g####...........
## ##@b#
####........ #).##
#.......#
#..........#
#........
#..........#
#........
#..........#
####.....
#..........#
####..
#..........# #..
############ #..
#..


You could see a hobgoblin (strong, ally target) and a friendly bat (summoned).


Message History

You kill the hobgoblin!
Robin roars a battlecry!
The hobgoblin goes into a battle-frenzy!
Your Dodging skill increases to level 2!
Unknown command.
You hit the hobgoblin.
You kill the hobgoblin!
Unknown command.
What are your orders? t - Shout!
Orders for allies: a - Attack new target. r - Retreat! s - Stop attacking. g - Guard the area. f - Follow me.
Anything else - Cancel.
Gang up on whom?
Press: ? - help, Dir - move target, f - Robin
Aim: Robin, wielding a +0 club, wearing a +0 animal skin and wearing a +2 helmet (ally target) Attack!
Robin hits your rat but does no damage. What are your orders? t - Shout!
Orders for allies: a - Attack new target. p - Attack previous target. r - Retreat! s - Stop attacking. g - Guard the area. f - Follow me.
Anything else - Cancel.
Gang up on whom?
Press: ? - help, Dir - move target, f/p - Robin
Aim: Robin, wielding a +0 club, wearing a +0 animal skin and wearing a +2 helmet (ally target) Attack!
Robin hits your rat with a +0 club.
Your rat dies!
Your rat's corpse disappears in a puff of smoke!
Your rat bites Robin but does no damage.
Your rat bites Robin.
Robin closely misses you.
Your rat bites Robin.
Casting: Summon Small Mammal (safe; 3% risk of failure)
Confirm with . or Enter, or press ? or * to list all spells.
Robin hits you with a +0 club.
* * * LOW HITPOINT WARNING * * *
Your rat bites Robin but does no damage. 😨 HP[-1]
You take 1 damage, and now have 9/24 hp.
Unknown command.
Unknown command.
Unknown command.
You hit Robin. Your bat hits Robin. Robin misses your bat.
Your rat bites Robin but does no damage.
You hit Robin. Your bat hits Robin but does no damage.
Robin hits you with a +0 club.
* * * LOW HITPOINT WARNING * * *
😱 HP[-3]
You take 3 damage, and now have 6/24 hp.
Unknown command.
Unknown command.
Unknown command.
You hit Robin. Your bat hits Robin but does no damage.
Your rat bites Robin.
Your bat hits Robin but does no damage.
Unknown command.
Unknown command.
You hit Robin.
You kill Robin!
Unknown command.
Unknown command.
Unknown command.
What are your orders? t - Shout!
Orders for allies: a - Attack new target. r - Retreat! s - Stop attacking. g - Guard the area. f - Follow me.
Anything else - Cancel.
Gang up on whom?
Press: ? - help, Dir - move target, f - hobgoblin
Aim: a hobgoblin (strong) Attack!
The hobgoblin hits your rat.
Your bat barely misses the hobgoblin. 😨 HP[+1]
Your rat bites the hobgoblin.
Your bat hits the hobgoblin but does no damage.
The hobgoblin closely misses you.
Your bat barely misses the hobgoblin.
Your rat bites the hobgoblin.
The hobgoblin closely misses your rat.
Your bat hits the hobgoblin but does no damage.
Your rat barely misses the hobgoblin.
The hobgoblin hits your rat.
Your rat dies!
Your rat's corpse disappears in a puff of smoke!
The hobgoblin shouts!
Your bat barely misses the hobgoblin.
The hobgoblin hits you.
* * * LOW HITPOINT WARNING * * *
😱 HP[-5]
You take 5 damage, and now have 2/24 hp.
MASSIVE DAMAGE!! (PAUSE)
You closely miss the hobgoblin.
Your bat barely misses the hobgoblin.
The hobgoblin hits you.
* * * LOW HITPOINT WARNING * * *
😱 HP[-1]
You take 1 damage, and now have 1/24 hp.
Unknown command.
Unknown command.
You barely miss the hobgoblin.
Your bat hits the hobgoblin but does no damage.
The hobgoblin hits you!
You die...

Skill      XL: |  1  2  3 |
---------------+----------+-----
Summonings     | 4 |  4.2
Dodging        | 2 |  2.1
Stealth        | |  1.5
Spellcasting   | |  2.6

Action                   || total
-------------------------++-------
Melee: Unarmed           ||    16
       Dagger            ||   115
 Cast: Summon Small Mamm ||    25
  Use: Scroll            ||     2
 Stab: Sleeping          ||     2
       Distracted        ||     1
Armor: Robe              ||    31
Dodge: Dodged            ||   129

Levels and vault maps discovered:
D:1:      lightli_arrival_lavapool, layout_loops_corners
D:2:      layout_rooms, amcnicky_mini_corridor_feature, uniq_robin

Notes
Turn   | Place    | Note
-------+----------+-------------------------------------------
     0 | D:1      | spaghetti the Mummy Summoner began the quest for the Orb.
     0 | D:1      | Reached XP level 1. HP: 13/13 MP: 4/4
     0 | D:1      | magus.rc [v1.9.6]
   476 | D:1      | Reached XP level 2. HP: 8/19 MP: 5/5
   675 | D:1      | HP: 1/19 [kobold (4)]
  1447 | D:1      | Reached skill level 4 in Summonings
  1527 | D:1      | You pick up a book of Spatial Translocations and begin
                  | reading...
  1527 | D:1      | You add the spells Blink, Lesser Beckoning and Manifold
                  | Assault to your library.
  2022 | D:2      | Reached XP level 3. HP: 17/24 MP: 4/7
  2148 | D:2      | You pick up a book of Dangerous Friends and begin
                  | reading...
  2148 | D:2      | You add the spells Orb of Destruction and Spellforged
                  | Servitor to your library.
  2425 | D:2      | Noticed Robin
  2454 | D:2      | Reached skill level 2 in Dodging
  2461 | D:2      | HP: 6/24 [Robin (3)]
  2463 | D:2      | Killed Robin
  2469 | D:2      | HP: 2/24 [hobgoblin[Robin] (5)]
  2471 | D:2      | Mangled by a hobgoblin

Vanquished Creatures
  Robin (D:2)
  6 bats
  3 endoplasms
  4 hobgoblins
  A quokka (D:2)
  3 ball pythons
  7 goblins
  A kobold (D:1)
  6 rats
32 creatures vanquished.

Vanquished Creatures (collateral kills)
  An endoplasm (D:2)
  4 goblins
  A quokka (D:1)
  A ball python (D:1)
  4 kobolds
  A rat (D:1)
12 creatures vanquished.

Vanquished Creatures (others)
  A goblin (D:2)
1 creature vanquished.

Grand Total: 45 creatures vanquished

Table legend:
 A = Non-vault XP
 B = Vault XP
 C = Vault XP percentage of total XP
 D = Non-vault monster count
 E = Vault monster count
 F = Vault count percentage of total count
                 A         B        C        D         E       F
            +---------+---------+-------+---------+---------+-------
      Total |      48 |      34 |  41.5 |      34 |      11 |  24.4
            +---------+---------+-------+---------+---------+-------
        D:1 |      33 |       0 |   0.0 |      25 |       0 |   0.0
        D:2 |      15 |      34 |  69.4 |       9 |      11 |  55.0
            +---------+---------+-------+---------+---------+-------

Illustrated notes

Table legend:
 A = Kills in this place as a percentage of kills in entire the game.
 B = Kills by you in this place as a percentage of kills by you in the entire game.
 C = Kills by friends in this place as a percentage of kills by friends in the entire game.
 D = Other kills in this place as a percentage of other kills in the entire game.
 E = Experience gained in this place as a percentage of experience gained in the entire game.
 F = Experience gained in this place divided by the number of levels of this place that you have seen.
                   A       B       C       D       E      F
               +-------+-------+-------+-------+-------+----------------------
         Total | 100.0 | 100.0 | 100.0 | 100.0 | 100.0 |  41.0
       Dungeon | 100.0 | 100.0 | 100.0 | 100.0 | 100.0 |  41.0
               +-------+-------+-------+-------+-------+----------------------

Table legend: (Time is in decaauts)
 A = Elapsed time spent in this place.
 B = Non-inter-level travel time spent in this place.
 C = Inter-level travel time spent in this place.
 D = Time resting spent in this place.
 E = Time spent auto-exploring this place.
 F = Levels seen in this place.
 G = Mean time per level.
                   A        B        C        D        E       F      G
               +--------+--------+--------+--------+--------+-----+--------+
         Total |   2462 |   2444 |     18 |    934 |   1151 |   2 | 1231.0 |
       Dungeon |   2462 |   2444 |     18 |    934 |   1151 |   2 | 1231.0 |
               +--------+--------+--------+--------+--------+-----+--------+

Top non-repeatable levels by time:
     D:1: 1951 daAuts
     D:2: 511 daAuts
